 Dungeon Crawl Stone Soup version 0.27-a0-1140-g099f9bb0e8 (webtiles) character file.

Game seed: 1175442831417979567

75 Zeld the Shield-Bearer (level 4, -1/31 HPs)
             Began as an Octopode Fighter on May 9, 2021.
             Killed from afar by an orc wizard (10 damage)
             ... with a puff of flame
             ... on level 4 of the Dungeon.
             The game lasted 00:02:03 (2337 turns).

Zeld the Shield-Bearer (Octopode Fighter)           Turns: 2337, Time: 00:02:04

Health: -1/31      AC:  1    Str: 16    XL:     4   Next: 31%
Magic:  4/4        EV: 13    Int: 10    God:
Gold:   43         SH:  0    Dex: 11    Spells: 3/3 levels left

rFire    . . .     SeeInvis .   a - +0 war axe
rCold    . . .     Faith    .   (no shield)
rNeg     . . .     Spirit   .   (helmet restricted)
rPois    .         Reflect  .   (no amulet)
rElec    .         Harm     .   (no ring)
rCorr    .         Rampage  .   (no ring)
Will     .....                  (no ring)
Stlth    ++........             (no ring)
HPRegen  0.10/turn              (no ring)
MPRegen  0.09/turn              (no ring)
                                (no ring)
                                (no ring)

@: mighty
A: almost no armour, amphibious, 8 rings, camouflage 1, gelatinous body 1,
(nimble swimmer 1), tentacles
a: no special abilities


You were on level 4 of the Dungeon.
You visited 1 branch of the dungeon, and saw 4 of its levels.

You collected 43 gold pieces.

Inventory:

Hand Weapons
 a - a +0 war axe (weapon)
Missiles
 k - 5 poisoned darts (quivered)
Scrolls
 b - a scroll of noise {unknown}
 f - a scroll of fear {unknown}
 i - a scroll of vulnerability {unknown}
 j - 2 scrolls of identify {unknown}
Potions
 c - a potion of might
 d - a potion of invisibility {unknown}
 e - a potion of attraction {unknown}
 g - a potion of lignification {unknown}
 h - a potion of curing {unknown}
 l - a potion of flight {unknown}


   Skills:
 - Level 3.4 Fighting
 - Level 2.6 Axes
 * Level 2.1 Throwing
 - Level 3.0 Dodging
 - Level 3.5 Shields


You had 3 spell levels left.
You didn't know any spells.
Your spell library was empty.

Dungeon Overview and Level Annotations

Branches:
Dungeon (3/15)

Altars:
The Shining One


Innate Abilities, Weirdness & Mutations

You cannot wear most types of armour.
You are amphibious.
You can wear up to eight rings at the same time.
Your skin changes colour to match your surroundings (Stealth+).
Your rubbery body absorbs attacks. (AC +1, EV +1)
((You are camouflaged near water. (Stealth+)))
You have tentacles for arms and can constrict up to eight enemies at once.


Message History

You feel very mighty all of a sudden.
You hit the orc wizard. Your grab misses the orc wizard.
The orc wizard is moderately wounded.
You closely miss the orc wizard. Your grab misses the orc wizard.
You squeeze the orc wizard!
You kill the orc wizard!
You miss the orc wizard. The orc wizard misses you.
Your Throwing skill increases to level 2!
You have reached level 4!
You barely miss the orc wizard. Your grab misses the orc wizard.
You hit the orc wizard. The orc wizard closely misses you.
The orc wizard barely misses you.
The orc wizard gestures at you while chanting.
You are confused.
Unknown command.
You bump into the rock wall.
The orc wizard closely misses you.
The orc wizard hits you with a +0 dagger.
Unknown command.
You miss the orc wizard. You squeeze the orc wizard!
The orc wizard is heavily wounded.
You miss the orc wizard.
The orc wizard hits you with a +0 dagger. x3
Unknown command.
The orc wizard points at you and mumbles some strange words.
The magic dart hits you!
Unknown command.
You bump into the rock wall.
You bump into the rock wall.
You miss the orc wizard. Your squeeze misses the orc wizard.
The orc wizard is heavily wounded.
You feel less confused.
The orc wizard hits you with a +0 dagger.
* * * LOW HITPOINT WARNING * * *
The orc wizard points at you and mumbles some strange words.
You resist with some effort.
You hit the orc wizard. Your grab misses the orc wizard.
The orc wizard is almost dead.
The orc wizard gestures at you while chanting.
The puff of flame hits you!
You die...

... ..$ #.#
#.# #.#
###.###
#....o#
#.####o#.#o#
#...@oo#.# #
########.#
... #.. #.#.
#.#.


You could see 2 orc wizards and an orc.

Vanquished Creatures
  An orc wizard (D:4)
  2 adders
  A worm (D:2)
  2 bats (D:2)
  3 endoplasms
  A goblin (D:3)
  4 hobgoblins
  2 jackals (D:1)
  A quokka (D:3)
  3 ball pythons
  3 kobolds
  6 rats
29 creatures vanquished.

Notes
Turn   | Place    | Note
-------+----------+-------------------------------------------
     0 | D:1      | Zeld the Octopode Fighter began the quest for the Orb.
     0 | D:1      | Reached XP level 1. HP: 16/16 MP: 1/1
   461 | D:1      | Reached XP level 2. HP: 20/21 MP: 2/2
   969 | D:2      | Reached XP level 3. HP: 16/26 MP: 3/3
  1802 | D:2      | Found a glowing golden altar of the Shining One.
  1961 | D:3      | Reached skill level 1 in Throwing
  2108 | D:3      | Found a faded altar of an unknown god.
  2321 | D:3      | You fall into a shaft and drop 1 floor!
  2330 | D:4      | Reached XP level 4. HP: 24/31 MP: 4/4
  2337 | D:4      | Killed from afar by an orc wizard

Illustrated notes

Levels and vault maps discovered:
D:1:      nicolae_arrival_somewhat_less_tricky_arrival, layout_basic
D:2:      layout_basic, basic_altar
D:3:      layout_basic, hellmonk_ecumenical_altar_crossroads
D:4:      layout_basic, fedhas_altar_fruit_tree,
          yredelemnul_forgotten_temple_becter, chequers_serial_rivers_room_b

Skill      XL: |  1  2  3 |
---------------+----------+-----
Throwing       | 2 |  2.1
Fighting       | |  3.4
Axes           | |  2.6
Dodging        | |  3.0
Shields        | |  3.5

Action                   |  1- 3 |  4- 6 || total
-------------------------+-------+-------++-------
Melee: War axe           |    50 |     4 ||    54
       Constrict         |    12 |       ||    12
       Tentacles         |    13 |     1 ||    14
  Use: Potion            |     1 |       ||     1
 Stab: Sleeping          |     5 |       ||     5
Armor: Skin              |     1 |       ||     1
Dodge: Dodged            |    36 |     3 ||    39

Table legend: (Time is in decaauts)
 A = Elapsed time spent in this place.
 B = Non-inter-level travel time spent in this place.
 C = Inter-level travel time spent in this place.
 D = Time resting spent in this place.
 E = Time spent auto-exploring this place.
 F = Levels seen in this place.
 G = Mean time per level.
                   A        B        C        D        E       F      G
               +--------+--------+--------+--------+--------+-----+--------+
         Total |   2356 |   2306 |     50 |      0 |   2076 |   4 |  589.0 |
       Dungeon |   2356 |   2306 |     50 |      0 |   2076 |   4 |  589.0 |
               +--------+--------+--------+--------+--------+-----+--------+

Top non-repeatable levels by time:
     D:2: 1016 daAuts
     D:1: 871 daAuts
     D:3: 450 daAuts
     D:4: 17 daAuts
